 Dungeon Crawl Stone Soup version 0.27.1-33-g824d729ab1 (webtiles) character file.

Game seed: 9170575614878125525

60 demibob the Ruffian (level 3, -3/36 HPs)
             Began as a Troll Chaos Knight on Nov 26, 2021.
             Was a Plaything of Xom.
             Killed by divine providence
             ... invoked by an orc priest
              (14 damage)
             ... on level 3 of the Dungeon.
             The game lasted 00:02:40 (1290 turns).

demibob the Ruffian (Troll Chaos Knight)            Turns: 1290, Time: 00:02:43

Health: -3/36      AC:  6    Str: 18    XL:     3   Next: 82%
Magic:  2/2        EV: 10    Int:  8    God:    Xom [.*....]
Gold:   1313       SH:  0    Dex: 10    Spells: 2/2 levels left

rFire    . . .     SeeInvis +     - Unarmed
rCold    . . .     Faith    .   (no shield)
rNeg     . . .     Spirit   .   a - +2 robe
rPois    .         Reflect  .   (helmet restricted)
rElec    .         Harm     .   (no cloak)
rCorr    .         Rampage  .   (gloves unavailable)
Will     .....                  (boots unavailable)
Stlth    +.........             (no amulet)
HPRegen  2.12/turn              v - ring of see invisible
MPRegen  0.08/turn              (no ring)

@: unable to read, attractive
A: large, unfitting armour, claws 3, regeneration 2, shaggy fur 1, tough skin 1,
talons 1, weak 1, inability to read while threatened
a: Renounce Religion


You were on level 3 of the Dungeon.
You worshipped Xom.
You were a plaything of Xom.
You visited 1 branch of the dungeon, and saw 3 of its levels.

You collected 1313 gold pieces.


Innate Abilities, Weirdness & Mutations

You are too large for most types of armour.
You have claws for hands.
You heal very quickly.
You are covered in fur. (AC +1)
You have tough skin. (AC +1)
You have sharp toenails.
You are weak. (Str -2)
You sometimes lose the ability to read scrolls when taking damage.


   Skills:
 - Level 2.4 Fighting
 + Level 1.3 Throwing
 - Level 1.9 Dodging
 * Level 4.4 Unarmed Combat


You had 2 spell levels left.
You didn't know any spells.
Your spell library contained the following spells:

 Spells                   Type           Power      Damage    Failure   Level
 Gell's Gravitas          Tloc           0%         N/A       78%         3
 Teleport Other           Tloc           0%         N/A       78%         3
 Dispersal                Tloc           0%         N/A       100%        6

Inventory:

Missiles
 c - 6 boomerangs (quivered)
Armour
 a - a +2 robe (worn)
Jewellery
 v - a ring of see invisible (left claw)
Potions
 e - a potion of curing {@q1}

Dungeon Overview and Level Annotations

Branches:
Dungeon (3/15)

Altars:

#.# #.# #.# #.# . #.#
.. #b# ... #.# ....
#b# ..... #@#
....J.#o############
.o.o..o............#
......#b########.####
......+b...........<#
.)... #.#####..#.####
..... #.# #..#.# #+##
#.# #..#.# #.# #..#.#


You could see 2 orc priests.


Message History

The orc priest closely misses your butterfly.
You feel better.
The orc priest closely misses your butterfly.
The orc priest hits you with a +0 war axe.
* * * LOW HITPOINT WARNING * * *
The orc priest misses your butterfly.
It was a potion of attraction.
You feel attractive to monsters.
Xom is highly amused!
The orc priest barely misses you.
The orc priest begins to cast a cantrip, but forgets the words!
It was a potion of mutation.
You feel extremely strange.
You feel healthier.
You feel agile.
Your toenails lengthen and sharpen.
You feel weaker.
You lose the ability to read scrolls when threatened.
You begin to heal more quickly.
The orc priest invokes the aid of Beogh against you.
Beogh smites you!
You feel threatened and lose the ability to read scrolls!
* * * LOW HITPOINT WARNING * * *
The orc priest begins to cast a cantrip, but forgets the words!
Unknown command.
Unknown command.
You feel better.
The orc priest hits you with a +0 war axe.
* * * LOW HITPOINT WARNING * * *
The orc priest calls down the wrath of Beogh upon you.
Beogh smites you!
You die...
Xom chuckles heartily!

Skill      XL: |  1  2 |
---------------+-------+-----
Unarmed Combat | 4 |  4.4
Throwing       | 1 |  1.3
Fighting       | |  2.4
Dodging        | |  1.9

Action                   || total
-------------------------++-------
Melee: Unarmed           ||    88
       Punch             ||     2
  Use: Potion            ||     4
       Scroll            ||     2
Armor: Robe              ||    39
Dodge: Dodged            ||    48

Levels and vault maps discovered:
D:1:      shiori_shiawase, layout_loops_ring, shapermc_ecumenical_altar_ellora
D:2:      layout_loops_cross
D:3:      layout_basic

Notes
Turn   | Place    | Note
-------+----------+-------------------------------------------
     0 | D:1      | demibob the Troll Chaos Knight began the quest for the Orb.
     0 | D:1      | Reached XP level 1. HP: 22/22 MP: 0/0
   171 | D:1      | XOM: silly message
   217 | D:1      | Reached XP level 2. HP: 29/29 MP: 1/1
   376 | D:1      | XOM: silly message
   387 | D:1      | Found a faded altar of an unknown god.
   441 | D:1      | XOM: summons 3 hostile shadow creatures
   509 | D:1      | XOM is BORED!
   509 | D:1      | XOM: give mutations
   509 | D:1      | Gained mutation: Your body sometimes deteriorates upon
                  | taking damage. [Xom's mischief]
   509 | D:1      | Gained mutation: You are clumsy. (Dex -2) [Xom's mischief]
   509 | D:1      | Gained mutation: You sometimes lose the ability to read
                  | scrolls when taking damage. [Xom's mischief]
   509 | D:1      | Lost mutation: You sometimes lose the ability to read
                  | scrolls when taking damage. [Xom's mischief]
   728 | D:2      | XOM: noise
   771 | D:2      | Reached skill level 4 in Unarmed Combat
   772 | D:2      | XOM: summons 2 friendly demons
   774 | D:2      | Reached skill level 1 in Throwing
   774 | D:2      | Reached XP level 3. HP: 36/36 MP: 2/2
  1251 | D:2      | Identified a scroll of acquirement
  1251 | D:2      | Acquired 1198 gold pieces
  1285 | D:3      | XOM: butterfly on damage
  1289 | D:3      | Lost mutation: Your body sometimes deteriorates upon taking
                  | damage. [potion of mutation]
  1289 | D:3      | Lost mutation: You are clumsy. (Dex -2) [potion of
                  | mutation]
  1289 | D:3      | Gained mutation: You have sharp toenails. [potion of
                  | mutation]
  1289 | D:3      | Gained mutation: You are weak. (Str -2) [potion of
                  | mutation]
  1289 | D:3      | Gained mutation: You sometimes lose the ability to read
                  | scrolls when taking damage. [potion of mutation]
  1289 | D:3      | Gained mutation: You heal very quickly. [potion of
                  | mutation]
  1290 | D:3      | Killed from afar by an orc priest

Vanquished Creatures
  3 adders
  A dart slug (D:2)
  A ball python (D:1)
  4 bats
  2 endoplasms
  A giant cockroach (D:2)
  2 goblins
  2 hobgoblins
  5 jackals (D:2)
  4 kobolds
  A quokka (D:1)
  2 frilled lizards
  A rat (D:2)
29 creatures vanquished.

Table legend: (Time is in decaauts)
 A = Elapsed time spent in this place.
 B = Non-inter-level travel time spent in this place.
 C = Inter-level travel time spent in this place.
 D = Time resting spent in this place.
 E = Time spent auto-exploring this place.
 F = Levels seen in this place.
 G = Mean time per level.
                   A        B        C        D        E       F      G
               +--------+--------+--------+--------+--------+-----+--------+
         Total |   1282 |   1228 |     54 |      0 |   1030 |   3 |  427.3 |
       Dungeon |   1282 |   1228 |     54 |      0 |   1030 |   3 |  427.3 |
               +--------+--------+--------+--------+--------+-----+--------+

Top non-repeatable levels by time:
     D:1: 719 daAuts
     D:2: 529 daAuts
     D:3: 34 daAuts

Table legend:
 A = Non-vault XP
 B = Vault XP
 C = Vault XP percentage of total XP
 D = Non-vault monster count
 E = Vault monster count
 F = Vault count percentage of total count
                 A         B        C        D         E       F
            +---------+---------+-------+---------+---------+-------
      Total |      87 |       0 |   0.0 |      29 |       0 |   0.0
            +---------+---------+-------+---------+---------+-------
        D:1 |      14 |       0 |   0.0 |       7 |       0 |   0.0
        D:2 |      58 |       0 |   0.0 |      20 |       0 |   0.0
        D:3 |      15 |       0 |   0.0 |       2 |       0 |   0.0
            +---------+---------+-------+---------+---------+-------
